 Dungeon Crawl Stone Soup version 0.29.1-1-gd02db6906a (webtiles) character file.

Game seed: 15092037451287234973

152459 EvilAshe the Spry (level 17, -8/86 HPs)
             Began as a Spriggan Brigand on Sept 29, 2022.
             Was a High Priest of Dithmenos.
             Killed by the air
             ... invoked by a wind drake
              (22 damage)
             ... on level 1 of the Shoals on Sept 30, 2022.
             The game lasted 02:58:13 (57274 turns).

EvilAshe the Spry (Spriggan Brigand)               Turns: 57274, Time: 02:58:13

Health: -8/86      AC:  6    Str:  7    XL:     17   Next: 2%
Magic:  27/33      EV: 37    Int: 18    God:    Dithmenos [*****.]
Gold:   1525       SH:  5    Dex: 24    Spells: 23/39 levels left

rFire   + + .      SeeInvis +   a - +10 short sword of Sin {venom, rElec rF+ rC+ SInv}
rCold   + . .      Faith    .   (no shield)
rNeg    . . .      Spirit   .   f - +0 steam dragon scales
rPois   .          Reflect  +   (helmet restricted)
rElec   +          Harm     .   c - +0 cloak
rCorr   .          Rampage  .   (gloves unavailable)
Will    ++...                   (boots unavailable)
Stlth   ++++++....              B - amulet of reflection
HPRegen 0.24/turn               r - ring of wizardry
MPRegen 0.23/turn               V - ring "Vijobuan" {rF+ Int+5}

@: wreathed by umbra, slow
A: very small, no large weapons, unfitting armour, see invisible, speed 3
a: Renounce Religion, Shadow Step, Shadow Form


You were on level 1 of the Shoals.
You worshipped Dithmenos.
Dithmenos was extremely pleased with you.
You visited 4 branches of the dungeon, and saw 25 of its levels.

You collected 2417 gold pieces.
You spent 892 gold pieces at shops.

Inventory:

Hand Weapons
 a - the +10 short sword of Sin (weapon) {venom, rElec rF+ rC+ SInv}
   (You found it on level 5 of the Dungeon)

   It poisons the flesh of those it strikes.
   rF:        It protects you from fire.
   rC:        It protects you from cold.
   rElec:     It insulates you from electricity.
   SInv:      It lets you see invisible.
 b - the +9 sling of Uderets {venom, MP+9 Str+4 Int+3}
   (You found it on level 13 of the Dungeon)

   Any ammunition fired from it poisons the flesh of those it strikes.
   Str:       It affects your strength (+4).
   Int:       It affects your intelligence (+3).
   MP:        It affects your magic capacity (+9).
 q - a +0 rapier of holy wrath
Missiles
 d - 14 poisoned darts (quivered)
 e - 4 curare-tipped darts
 m - 4 throwing nets
 I - 11 boomerangs
 Z - 3 datura-tipped darts
Armour
 c - a +0 cloak (worn)
 f - +0 steam dragon scales (worn)
 M - +1 acid dragon scales
Jewellery
 r - a ring of wizardry (left hand)
 u - an amulet of the acrobat
 B - an amulet of reflection (around neck)
 P - a ring of resist corrosion
 T - an amulet of magic regeneration
 V - the ring "Vijobuan" (right hand) {rF+ Int+5}
   (You acquired it on level 1 of the Snake Pit)

   [ring of protection from fire]

   Int:       It affects your intelligence (+5).
   rF:        It protects you from fire.
 W - a ring of positive energy
Wands
 A - a wand of digging (15)
 D - a wand of quicksilver (11)
 F - a wand of paralysis (43)
 H - a wand of mindburst (7)
 K - a wand of flame (25)
 L - a wand of iceblast (20)
 Q - a wand of polymorph (6)
Scrolls
 g - 12 scrolls of teleportation
 k - 5 scrolls of amnesia
 n - 2 scrolls of blinking
 o - 7 scrolls of immolation
 p - a scroll of summoning
 t - 13 scrolls of identify
 v - 4 scrolls of enchant weapon
 w - a scroll of poison
 y - 4 scrolls of brand weapon
 C - 2 scrolls of fear
 O - 2 scrolls of magic mapping
 R - 3 scrolls of enchant armour
 U - 2 scrolls of fog
 Y - a scroll of silence
Potions
 h - 6 potions of curing
 i - 5 potions of mutation
 j - 10 potions of heal wounds
 l - 8 potions of haste
 s - 2 potions of resistance
 x - a potion of invisibility
 z - a potion of berserk rage
 E - 7 potions of flight
 G - 2 potions of brilliance
 J - a potion of cancellation {unknown}
 N - 4 potions of might
 X - 4 potions of magic
Miscellaneous
 S - a condenser vane


   Skills:
 + Level 8.9 Fighting
 - Level 12.0 Short Blades
 - Level 2.0 Throwing
 + Level 18.7 Dodging
 - Level 17.7 Stealth
 + Level 11.7 Spellcasting
 - Level 12.4 Summonings
 - Level 12.1 Translocations
 + Level 5.4 Invocations
 + Level 9.3 Evocations


You had 23 spell levels left.
You knew the following spells:

 Your Spells              Type           Power      Damage    Failure   Level
a - Call Canine Familiar  Summ           53%        N/A       1%          3
b - Summon Cactus Giant   Summ           26%        N/A       2%          6
c - Manifold Assault      Tloc           52%        N/A       1%          5
d - Blink                 Tloc           100%       N/A       1%          2

Your spell library contained the following spells:

 Spells                   Type           Power      Damage    Failure   Level
 Apportation              Tloc           100%       N/A       1%          1
 Lesser Beckoning         Tloc           52%        N/A       1%          3
 Portal Projectile        Hex/Tloc       64%        N/A       1%          3
 Foxfire                  Conj/Fire      40%        2x1d6     2%          1
 Freeze                   Ice            40%        1d6       2%          1
 Necrotise                Necr           40%        1d6       2%          1
 Shock                    Conj/Air       40%        1d5       2%          1
 Ensorcelled Hibernation  Hex/Ice        20%        N/A       4%          2
 Scorch                   Fire           20%        2d6       4%          2
 Static Discharge         Conj/Air       10%        3-5/arc   4%          2
 Conjure Flame            Conj/Fire      10%        6-21      9%          3
 Frozen Ramparts          Ice            20%        1d4       9%          3
 Ignite Poison            Fire/Tmut/Pois 10%        N/A       9%          3
 Inner Flame              Hex/Fire       10%        N/A       9%          3
 Ozocubu's Armour         Ice            10%        N/A       9%          3
 Spider Form              Tmut/Pois      10%        N/A       9%          3
 Swiftness                Air            10%        N/A       9%          3
 Vampiric Draining        Necr           10%        2d6       9%          3
 Airstrike                Air            5%         2d(1-17)  26%         4
 Anguish                  Hex/Necr       5%         N/A       26%         4
 Dispel Undead            Necr           10%        3d9       26%         4
 Flame Wave               Conj/Fire      10%        2d6       26%         4
 Hailstorm                Conj/Ice       10%        3d5       26%         4
 Leda's Liquefaction      Hex/Erth       5%         N/A       26%         4
 Olgreb's Toxic Radiance  Pois           10%        N/A       26%         4
 Petrify                  Tmut/Erth      10%        N/A       26%         4
 Sticky Flame             Conj/Fire      10%        2d3       26%         4
 Agony                    Necr           10%        N/A       56%         5
 Alistair's Intoxication  Tmut/Pois      6%         N/A       56%         5
 Lightning Bolt           Conj/Air       5%         1d17      56%         5
 Metabolic Englaciation   Hex/Ice        5%         N/A       56%         5
 Statue Form              Tmut/Erth      6%         N/A       98%         6
 Ozocubu's Refrigeration  Ice            5%         4d8       100%        7
 Ignition                 Fire           5%         3d4       100%        8
 Maxwell's Capacitive Co  Air            5%         ∞         100%        8


Dungeon Overview and Level Annotations

Branches:
Dungeon (15/15)            Temple (0/1) D:6            Lair (5/5) D:11
 Shoals (1/4) Lair:2        Snake (4/4) Lair:3        Slime (0/5) Lair:5
    Orc (0/2) D:9          Vaults (0/5) D:13         Depths (0/4) D:15

Altars:
Ashenzari
Cheibriados
Dithmenos
Fedhas
Kikubaaqudgha
Makhleb
Ru
Uskayaw
Vehumet
Xom
The Shining One
Jiyva

Shops:
D:13 (:[[   D:14 [   Shoals:1 :   Snake:1 =(!!

Annotations:
Lair:4 exclusion: 2 oklob plants
Lair:5 exclusion: obsidian statue


Innate Abilities, Weirdness & Mutations

You are very small and have problems with some larger weapons.
You are too small for most types of armour.
You have supernaturally acute eyesight. (SInv)
You cover ground extremely quickly. (Speed+++)


Message History

You hit the cyclops.
The cyclops looks as sick as possible!
The cyclops is heavily wounded.
Your wolf bites the dream sheep!
The wind drake exhales a fierce blast of wind!
You are blown backwards!
The cyclops and your wolf are blown away by the wind.
You violently stop moving!
Your wolf violently stops moving!
Your wolf dies!
Your wolf's corpse disappears in a puff of smoke!
Splash!
Your cactus giant misses the wind drake.
The cyclops throws a large rock.
The large rock completely misses you.
The wind drake exhales a fierce blast of wind!
You are blown backwards!
Splash!
The dream sheep ruffles its wool and motes of dream dust sparkle, to no effect.
You puncture the cyclops!
The cyclops looks as sick as possible!
The cyclops is almost dead.
Your unstable footing causes you to fumble your attack.
You puncture the cyclops!
You kill the cyclops!
Dithmenos accepts your kill.
You hear a splash.
The wind drake flaps its wings at you. The air twists around and strikes you!!
Your cactus giant misses the wind drake.
The dream sheep ruffles its wool and motes of dream dust sparkle, to no effect.
The wind drake misses you.
You barely miss the wind drake.
The wind drake is severely wounded.
The dream sheep ruffles its wool and motes of dream dust sparkle, to no effect.
Your unstable footing causes you to fumble your attack.
The wind drake completely misses you.
Your unstable footing causes you to fumble your attack.
The wind drake flaps its wings at you. The air twists around and strikes you!!
* * * LOW HITPOINT WARNING * * *
The wind drake flaps its wings at you. The air twists around and strikes you!!
You die...

~~≈≈≈
≈≈≈≈≈≈~~~..####.≈≈
~~≈≈≈ ≈≈≈≈≈≈~~~.##
..~ ~≈≈≈≈
≈≈≈≈≈≈≈≈~...###.~PP
≈≈≈≈≈
≈≈≈≈≈≈~~~......~~~~~
≈≈≈≈≈
≈≈≈≈≈≈~~~~.##.~~~~PP
≈≈≈≈≈
≈≈≈≈≈≈~~~~##..~~~~~~
≈≈≈≈≈
≈≈≈≈≈≈~~~~...P~~P~~P
≈≈≈≈≈
≈≈≈≈≈≈≈~~~~.~~P~~≈≈~
≈≈≈≈≈≈≈~~~@~~~~~≈≈≈≈
≈≈≈≈≈≈≈~~~kC~~~~≈≈≈≈
≈≈≈≈≈≈≈≈≈(Y~~~~≈≈≈≈≈
≈≈≈≈≈≈≈≈≈≈≈~~~≈≈≈≈≈≈
≈≈≈≈≈≈≈≈≈≈≈≈≈≈≈≈≈≈≈≈
≈≈≈≈≈≈≈≈≈≈≈≈≈≈≈≈≈≈≈≈
≈≈≈≈≈≈≈≈≈≈≈≈≈≈≈≈≈≈≈≈
####################


You could see a wind drake (repels missiles, ally target), a dream sheep and a
friendly cactus giant (summoned).

Vanquished Creatures
  A nagaraja (Snake:4)
  A stone giant (D:13)
  3 dire elephants (Lair:5)
  2 ettins (D:13)
  A merfolk javelineer (Shoals:1)
  A merfolk impaler (Shoals:1)
  Harold (D:10)
  8 vault guards (D:13)
  12 hydras
  4 centaur warriors
  4 anacondas
  Erolcha (D:11)
  The ghost of erker the Transmogrifier, a journeyman OpEE of Gozag (Lair:1)
  4 boulder beetles
  Erica (D:8)
  4 two-headed ogres
  3 naga warriors
  A catoblepas (Lair:2)
  A tengu warrior (D:14)
  6 naga sharpshooters
  9 death yaks (D:11)
  6 shock serpents
  Amaemon (Lair:3)
  2 fire crabs
  2 spectral death yaks (Lair:5)
  2 sea snakes
  A spectral anaconda (Lair:5)
  A steelbarb worm (shapeshifter) (D:14)
  A glowing orange brain (D:15)
  5 naga ritualists
  A lindwurm (Snake:4)
  A deep elf pyromancer (D:14)
  3 necromancers (Lair:5)
  Pikel (D:4)
  5 mana vipers
  6 salamanders
  9 ugly things
  3 manticores
  21 elephants
  2 fauns (Shoals:1)
  19 cyclopes
  A moth of wrath (shapeshifter) (D:14)
  A black mamba (shapeshifter) (D:15)
  A merfolk siren (Shoals:1)
  A water nymph (Shoals:1)
  4 torpor snails
  20 black mambas
  A guardian serpent (Snake:3)
  An orange demon (Lair:3)
  7 naga magi
  A gargoyle (D:12)
  10 cane toads
  Psyche (D:12)
  2 rime drakes
  A dire elephant skeleton (Lair:5)
  10 komodo dragons
  Maggie (D:7)
  2 unseen horrors
  2 efreet
  A kobold demonologist (D:10)
  8 merfolk
  2 trolls
  Grinder (D:5)
  2 meliai (shapeshifter)
  A tarantella (shapeshifter) (D:15)
  7 blink frogs
  4 dream sheep
  14 slime creatures
  3 spectral elephants (Lair:5)
  3 polar bears (Lair:5)
  2 snapping turtles (Shoals:1)
  A water elemental (Shoals:1)
  2 shadows
  3 wyverns (Lair:2)
  A wraith (D:9)
  44 yaks
  A death yak simulacrum (Lair:1)
  A basilisk (Lair:1)
  3 steam dragons
  A spectral cane toad (Lair:5)
  3 wargs (D:13)
  16 nagas
  2 acid dragons
  11 water moccasins
  An orc warrior (D:10)
  An elephant zombie (Lair:5)
  2 black bears
  A spectral torpor snail (Lair:1)
  7 ogres
  A boggart (D:14)
  11 centaurs
  2 lemures (D:4)
  18 wolves
  3 elephant skeletons (Lair:5)
  2 phantoms (D:5)
  A nameless horror (D:13)
  A kobold brigand (D:4)
  13 bullfrogs
  A necrophage (D:7)
  A scorpion (D:4)
  2 cane toad simulacra (Lair:5)
  A hornet simulacrum (D:15)
  12 wights
  15 killer bees
  3 howler monkeys (D:12)
  3 electric eels (Snake:2)
  A crimson imp (D:3)
  8 orc priests
  3 hounds
  Ijyb (D:5)
  3 iguanas
  10 orc wizards
  8 gnolls
  9 adders
  A gnoll (shapeshifter) (D:15)
  A shadow imp (D:7)
  2 white imps (D:6)
  4 worms
  2 dart slugs
  52 orcs
  5 ball pythons
  10 endoplasms
  4 giant cockroaches
  5 goblins
  7 hobgoblins
  9 jackals
  2 quokkas
  4 bats
  A frilled lizard (D:2)
  12 kobolds
631 creatures vanquished.

Vanquished Creatures (collateral kills)
  An ettin (D:13)
  A rakshasa (D:14)
  A boulder beetle (D:15)
  A hydra (D:14)
  2 anacondas
  2 centaur warriors
  3 naga warriors
  A tengu warrior (D:14)
  2 naga sharpshooters
  The ghost of erker the Cleaver, a novice MiFi of Okawaru (D:8)
  A salamander mystic (Snake:4)
  4 skeletal warriors (D:13)
  A sea snake (Shoals:1)
  A faun (Shoals:1)
  2 mana vipers (Snake:2)
  6 ugly things (D:15)
  A cyclops (D:13)
  3 salamanders (Snake:4)
  A merfolk siren (Shoals:1)
  A guardian serpent (Snake:1)
  10 black mambas
  A water nymph (Shoals:1)
  4 naga magi (Snake:2)
  2 cane toads
  5 nameless horrors
  3 meliai (D:15)
  A merfolk (Shoals:1)
  2 dream sheep (Shoals:1)
  2 yaks
  A wraith (D:14)
  A hydra simulacrum (Lair:1)
  3 nagas
  2 centaurs (D:14)
  2 wights
  A dream sheep simulacrum (Lair:1)
  An electric eel (Snake:2)
  A komodo dragon simulacrum (Lair:1)
78 creatures vanquished.

Vanquished Creatures (others)
  50 fungi
  114 plants
  12 withered plants (Lair:5)
176 creatures vanquished.

Grand Total: 885 creatures vanquished

Notes
Turn   | Place    | Note
-------+----------+-------------------------------------------
     0 | D:1      | EvilAshe the Spriggan Brigand began the quest for the Orb.
     0 | D:1      | Reached XP level 1. HP: 10/10 MP: 2/2
   331 | D:1      | Found a faded altar of an unknown god.
   375 | D:1      | Reached XP level 2. HP: 14/14 MP: 3/3
   378 | D:1      | Reached skill level 2 in Dodging
  1044 | D:2      | Reached XP level 3. HP: 18/18 MP: 4/4
  1203 | D:2      | Reached skill level 3 in Dodging
  1223 | D:2      | Reached XP level 4. HP: 22/22 MP: 5/5
  2621 | D:3      | Learned a level 3 spell: Call Canine Familiar
  2632 | D:3      | Reached skill level 4 in Dodging
  2632 | D:3      | Reached XP level 5. HP: 25/25 MP: 6/6
  2997 | D:4      | Reached skill level 1 in Summonings
  3350 | D:4      | Reached XP level 6. HP: 20/30 MP: 7/7
  3946 | D:4      | Found a large runed translucent door.
  3947 | D:4      | Found a large runed translucent door.
  4201 | D:5      | Entered Level 5 of the Dungeon
  4499 | D:4      | Reached skill level 5 in Dodging
  4621 | D:5      | Found an ancient bone altar of Kikubaaqudgha.
  4981 | D:5      | Reached XP level 7. HP: 30/33 MP: 8/8
  5046 | D:5      | Found a shadowy altar of Dithmenos.
  5161 | D:5      | Identified the +10 short sword of Sin {venom, rElec rF+ rC+
                  | SInv}
  5209 | D:5      | Reached skill level 5 in Short Blades
  5464 | D:5      | Reached skill level 6 in Dodging
  5479 | D:5      | Noticed Grinder
  5905 | D:5      | Noticed Ijyb
  5939 | D:5      | Killed Ijyb
  6098 | D:5      | Reached XP level 8. HP: 37/37 MP: 9/9
  6170 | D:5      | Found a radiant altar of Vehumet.
  6311 | D:5      | Killed Grinder
  6406 | D:5      | Became a worshipper of Dithmenos the Shadowed
  6435 | D:6      | Reached skill level 10 in Stealth
  6596 | D:6      | Found a staircase to the Ecumenical Temple.
  7608 | D:6      | Found a glowing golden altar of the Shining One.
  7795 | D:6      | Reached skill level 7 in Dodging
  8623 | D:7      | Noticed Maggie
  9274 | D:3      | Reached XP level 9. HP: 29/41 MP: 6/10
  9450 | D:3      | Reached skill level 8 in Dodging
  9717 | D:3      | Found a shimmering altar of Xom.
  9717 | D:3      | Found a burning altar of Makhleb.
  9737 | D:3      | Found a burning altar of Makhleb.
 10591 | D:8      | Noticed Erica
 10982 | D:8      | Reached * piety under Dithmenos
 11208 | D:8      | Found a large runed translucent door.
 11232 | D:8      | Found a large runed translucent door.
 11490 | D:8      | Noticed erker's ghost (novice MiFi)
 11638 | D:8      | Reached skill level 5 in Summonings
 12197 | D:8      | Identified the +3 scale mail of Gravity {Int+4}
 12207 | D:8      | Reached skill level 9 in Dodging
 12619 | D:9      | Learned a level 2 spell: Blink
 13432 | D:9      | Found a staircase to the Orcish Mines.
 13695 | D:9      | Found a blossoming altar of Fedhas.
 14659 | D:3      | Found a shimmering altar of Xom.
 14980 | D:4      | Noticed Pikel
 14985 | D:4      | Killed Pikel
 14986 | D:4      | Reached XP level 10. HP: 46/46 MP: 11/11
 15012 | D:4      | Found a sacrificial altar of Ru.
 15016 | D:4      | Reached ** piety under Dithmenos
 15022 | D:4      | Found a hide-covered altar of Uskayaw.
 15161 | D:10     | Entered Level 10 of the Dungeon
 15590 | D:10     | Reached skill level 10 in Dodging
 15594 | D:10     | Reached skill level 1 in Translocations
 15964 | D:10     | Noticed a soul eater
 16514 | D:10     | Noticed Harold
 16522 | D:10     | Killed Harold
 16590 | D:10     | Found a broken altar of Ashenzari.
 17001 | D:7      | Killed Maggie
 17484 | D:11     | Identified the +3 leather armour of Kitastim {rPois rCorr
                  | Str-2}
 17611 | D:11     | Noticed Erolcha
 17791 | D:11     | Noticed a centaur warrior
 17791 | D:11     | Noticed a two-headed ogre
 17809 | D:11     | Killed a centaur warrior
 17838 | D:11     | Killed a two-headed ogre
 17839 | D:11     | Reached skill level 11 in Dodging
 17839 | D:11     | Reached skill level 5 in Translocations
 17839 | D:11     | Reached XP level 11. HP: 36/49 MP: 12/12
 17951 | D:11     | Noticed a death yak
 17953 | D:11     | Noticed a death yak
 17953 | D:11     | Noticed a death yak
 17955 | D:11     | Found a staircase to the Lair.
 17955 | D:11     | Noticed a death yak
 17955 | D:11     | Noticed a death yak
 17955 | D:11     | Noticed a death yak
 17955 | D:11     | Noticed a death yak
 17955 | D:11     | Noticed a death yak
 17955 | D:11     | Noticed a death yak
 18011 | D:11     | Killed a death yak
 18201 | D:11     | Learned a level 5 spell: Manifold Assault
 18267 | D:11     | Killed a death yak
 18430 | D:11     | Killed a death yak
 18675 | D:11     | Killed a death yak
 18916 | D:11     | Killed a death yak
 18917 | D:11     | Reached skill level 10 in Short Blades
 19124 | D:11     | Killed a death yak
 19148 | D:11     | Killed a death yak
 19356 | D:11     | Killed a death yak
 19357 | D:11     | Reached skill level 15 in Stealth
 19590 | D:11     | Killed a death yak
 19591 | D:11     | Reached skill level 12 in Dodging
 19876 | D:11     | Noticed a two-headed ogre
 19926 | D:11     | Killed a two-headed ogre
 20060 | D:11     | Found a snail-covered altar of Cheibriados.
 20603 | D:12     | Noticed a white ugly thing
 20611 | D:12     | Killed a white ugly thing
 20790 | D:12     | Reached XP level 12. HP: 53/53 MP: 13/13
 20906 | D:12     | Noticed a two-headed ogre
 20922 | D:12     | Killed a two-headed ogre
 20963 | Lair:1   | Entered Level 1 of the Lair of Beasts
 21494 | D:11     | Killed Erolcha
 21791 | Lair:1   | Noticed a six-headed hydra
 21796 | Lair:1   | Noticed a five-headed hydra
 21993 | Lair:1   | Reached skill level 13 in Dodging
 22116 | Lair:1   | You fall into a shaft and drop 1 floor!
 22206 | Lair:1   | Found a runed translucent gate.
 22206 | Lair:1   | Found a runed translucent gate.
 22206 | Lair:1   | Found a runed translucent gate.
 22206 | Lair:1   | Noticed erker's ghost (journeyman OpEE)
 22958 | Lair:1   | Reached *** piety under Dithmenos
 23137 | Lair:1   | Killed a six-headed hydra
 23307 | Lair:1   | Reached skill level 10 in Translocations
 24550 | Lair:2   | Found a staircase to the Shoals.
 24596 | Lair:2   | Identified the +5 long sword "Odiyskun" {freeze, rPois
                  | Str+4}
 24627 | Lair:2   | Reached XP level 13. HP: 57/57 MP: 14/14
 25610 | Lair:3   | Found a staircase to the Snake Pit.
 25661 | Lair:3   | Noticed Amaemon
 25667 | Lair:3   | Killed Amaemon
 25670 | Lair:3   | Reached skill level 14 in Dodging
 26941 | Lair:4   | Reached **** piety under Dithmenos
 27381 | Lair:4   | Found the +1 robe of Vines {NoPotionHeal Regen++++}
 27496 | Lair:4   | Identified the +8 flail of Dissolution {freeze, Dex+2}
 27826 | Lair:4   | Reached skill level 1 in Spellcasting
 28590 | Lair:5   | Entered Level 5 of the Lair of Beasts
 29566 | Lair:5   | Reached skill level 15 in Dodging
 29760 | Lair:5   | Reached ***** piety under Dithmenos
 29976 | Lair:5   | Reached XP level 14. HP: 66/66 MP: 19/21
 30945 | Lair:5   | Learned a level 6 spell: Summon Cactus Giant
 31195 | Lair:5   | Reached skill level 5 in Spellcasting
 31427 | Lair:5   | Reached skill level 10 in Summonings
 31581 | Lair:5   | Found a viscous altar of Jiyva.
 31581 | Lair:5   | Found a staircase to the Slime Pits.
 32188 | Lair:5   | Reached skill level 5 in Fighting
 32562 | Lair:5   | Reached skill level 16 in Dodging
 33080 | D:12     | Noticed Psyche
 33090 | D:12     | Killed Psyche
 33734 | D:8      | Killed Erica
 33962 | D:13     | Found Syhodysual's Antique Armour Shop.
 33988 | D:13     | Found Hipidgh's Antique Armour Shop.
 34055 | D:13     | Found Muqiet's Book Boutique.
 34079 | D:13     | Found Turchem's Antique Weapon Emporium.
 34214 | D:13     | Found a broken altar of Ashenzari.
 35129 | D:13     | Found a gate to the Vaults.
 36828 | D:13     | Reached skill level 1 in Evocations
 37515 | D:13     | Reached XP level 15. HP: 66/74 MP: 28/28
 39537 | D:13     | Identified the amulet of Ytivviubu {Faith +Blink}
 39622 | D:13     | Identified the +7 sling of Vattaus {vorpal, Will++ Str+3
                  | Int-2 Dex+3}
 39625 | D:13     | Identified the +9 sling of Uderets {venom, MP+9 Str+4
                  | Int+3}
 39628 | D:13     | Identified the +5 hand axe of Equilibrium {elec, *Slow rC++
                  | Int+4}
 39629 | D:13     | Identified the +7 short sword "Rom Tam" {flame, Dex+4 SInv}
 40965 | D:14     | Found Nuic Zes's Armour Shoppe.
 40986 | D:14     | Reached skill level 17 in Dodging
 41834 | D:14     | HP: 3/74 [tengu warrior/+0 great sword (25)]
 42772 | D:8      | Killed erker's ghost
 42967 | Lair:1   | Killed erker's ghost
 43011 | Lair:1   | Identified the +2 battleaxe of the Glowing Sybil {vorpal,
                  | Int+4}
 43284 | Shoals:1 | Entered Level 1 of the Shoals
 43940 | D:15     | Entered Level 15 of the Dungeon
 43947 | D:15     | Reached skill level 5 in Evocations
 44981 | D:15     | Found a staircase to the Depths.
 45718 | Snake:1  | Entered Level 1 of the Snake Pit
 45761 | Snake:1  | Reached skill level 1 in Invocations
 45994 | Snake:1  | Found Yraos's Distillery.
 45995 | Snake:1  | Found Awiutic's Distillery.
 45995 | Snake:1  | Found Vuama's Weapon Shop.
 46000 | Snake:1  | Bought a potion of resistance for 180 gold pieces
 46000 | Snake:1  | Bought a potion of heal wounds for 90 gold pieces
 46000 | Snake:1  | Bought 3 potions of heal wounds for 270 gold pieces
 46000 | Snake:1  | Found Abbilet's Jewellery Shop.
 46003 | Snake:1  | Bought 2 potions of magic for 256 gold pieces
 46003 | Snake:1  | Bought a potion of curing for 48 gold pieces
 46003 | Snake:1  | Bought a potion of curing for 48 gold pieces
 46323 | Snake:1  | Reached XP level 16. HP: 77/80 MP: 14/30
 47444 | Snake:1  | Reached skill level 10 in Spellcasting
 47497 | Snake:1  | Identified a scroll of acquirement
 47497 | Snake:1  | Acquired the ring "Vijobuan" {rF+ Int+5}
 50473 | Snake:2  | Reached ****** piety under Dithmenos
 50474 | Snake:2  | Reached skill level 18 in Dodging
 52490 | Snake:4  | Entered Level 4 of the Snake Pit
 54335 | Snake:4  | Reached skill level 5 in Invocations
 54720 | Snake:4  | HP: 4/82 [nagaraja/bolt of poison (41)]
 56987 | Shoals:1 | Found Morar's Self-Improvement Boutique.
 57177 | Shoals:1 | Reached XP level 17. HP: 86/86 MP: 25/33
 57274 | Shoals:1 | Killed from afar by a wind drake

Illustrated notes

Levels and vault maps discovered:
D:1:      psy_arrival_fountain, layout_basic,
          shapermc_ecumenical_altar_mp_ritualfount
D:2:      layout_loops_ring, kennysheep_generic_room_16
D:3:      layout_rooms, grunt_temple_overflow_champion_of_chaos, st_stairs_4,
          hangedman_decor_opposing
D:4:      layout_loops_cross, jmf_multi_god_temple2, uniq_pikel
D:5:      layout_basic, nicolae_dithmenos_through_a_glass_darkly,
          nicolae_vehumet_altar_sigil, nicolae_kikubaaqudgha_miasma_corner,
          uniq_ijyb, uniq_grinder
D:6:      layout_basic, tso_oasis_becter, minmay_temple_entry_drinking_statues,
          chequers_garden
D:7:      layout_loops_ring, grunt_tough_drop, uniq_maggie
D:8:      layout_basic, ebering_ghost_disaster_area, st_stairs_7,
          minmay_misc_feat_encased, uniq_erica
D:9:      layout_loops_ring, nicolae_overflow_crystal_walls, hiddenorc2_lemuel,
          nicolae_eternal_life
D:10:     layout_cave_pods, mainiacjoe_overflow_alcove_2, st_stairs_13,
          skrybe_limestone_x, uniq_harold
D:11:     layout_irregular_city, dpeg_lair_monsters, fountainhead,
          small_chamber_with_monster, cheibriados_altar_1, uniq_erolcha
D:12:     layout_stronghold, uniq_psyche
D:13:     giant_chief_lemuel, layout_stronghold, erik_vaults_2, serial_shops,
          nicolae_shop_behind_doors, shop, nicolae_shop_hallway_stairs,
          nicolae_take_the_stairs, evilmike_ruin_ashenzari
D:14:     layout_roguey, serial_shops, nicolae_shop_stone, minivault_28
D:15:     gammafunk_enter_depths_forms, layout_irregular_city
Lair:1:   layout_roguey, gammafunk_ghost_necromancy, grunt_megastairs_1,
          lemuel_fruit_tree
Lair:2:   layout_gridlike, elwin_shoals_entry_rocks,
          chequers_serial_rivers_small_3
Lair:3:   layout_roguey, guppyfry_snake_entry_garden,
          nicolae_quartered_pool_super, uniq_amaemon
Lair:4:   layout_loops_ring, hellmonk_guarded_unrand_vines
Lair:5:   due_jungle_book, layout_regular_city, dpeg_slime_entry_enclosed,
          cheibrodos_lair_lostbears
Shoals:1: layout_shoals, nicolae_shoals_lost_giant_amphitheater,
          nicolae_shop_self_help
Snake:1:  layout_onion, minmay_shoptagon, grunt_megastairs_4
Snake:2:  layout_layer_cave, grunt_megastairs_2, serial_bayou_shore_a
Snake:3:  layout_cave_town, nicolae_snake_squiggles, serial_bayou_pond_a
Snake:4:  snake_pit_salamanders_mu, layout_rooms

Skill      XL: |  1  2  3  4  5  6  7  8  9 10 11 12 13 14 15 16 |
---------------+-------------------------------------------------+-----
Stealth        | 6 7 8 9 11 12 14 15 17 | 17.7
Dodging        | 2 3 4 5 6 7 9 11 12 13 15 16 17 18 | 18.7
Short Blades   | 3 4 5 6 8 9 10 11 12 | 12.0
Summonings     | 1 2 3 4 5 6 7 8 9 10 12 | 12.4
Translocations | 5 8 10 12 | 12.1
Fighting       | 4 6 7 8 |  8.9
Spellcasting   | 4 8 9 11 | 11.7
Evocations     | 1 6 9 |  9.3
Invocations    | 1 5 |  5.4
Throwing       | |  2.0

Action                   |  1- 3 |  4- 6 |  7- 9 | 10-12 | 13-15 | 16-18 || total
-------------------------+-------+-------+-------+-------+-------+-------++-------
Melee: Dagger            |    74 |   175 |    35 |    25 |     6 |       ||   315
       Punch             |       |     3 |     2 |     6 |    22 |     7 ||    40
       Short sword       |       |       |   246 |   386 |  1227 |   454 ||  2313
 Fire: Sling             |       |       |       |       |     2 |    15 ||    17
Throw: Dart              |    19 |    24 |   101 |    80 |    49 |    13 ||   286
       Boomerang         |       |       |     6 |    14 |     4 |       ||    24
       Throwing net      |       |       |       |       |     1 |       ||     1
 Cast: Call Canine Famil |       |       |    23 |    58 |   120 |    47 ||   248
       Blink             |       |       |     1 |     3 |     2 |       ||     6
       Manifold Assault  |       |       |       |       |    37 |     5 ||    42
       Summon Cactus Gia |       |       |       |       |    50 |    55 ||   105
Invok: Shadow Step       |       |       |       |       |     5 |     4 ||     9
Evoke: Wand              |       |       |     2 |    12 |    32 |     7 ||    53
  Use: Scroll            |       |       |    12 |    16 |     2 |     4 ||    34
       Potion            |       |       |     1 |     1 |     3 |     5 ||    10
 Stab: Sleeping          |     5 |    20 |    16 |    27 |    71 |    39 ||   178
       Distracted        |     1 |       |     5 |     7 |    27 |     7 ||    47
       Paralysed         |       |       |       |       |     3 |       ||     3
       Invisible         |       |       |       |       |     2 |     2 ||     4
Armor: Robe              |     6 |     9 |     9 |       |       |       ||    24
       Acid dragon scale |       |       |     1 |       |     3 |       ||     4
       Steam dragon scal |       |       |       |    18 |    28 |    13 ||    59
Dodge: Dodged            |    48 |    89 |   145 |   250 |   671 |   399 ||  1602
Block: Other             |       |       |    30 |    62 |   135 |    80 ||   307
       Reflection        |       |       |     1 |     2 |     4 |     5 ||    12
